 Dungeon Crawl Stone Soup version 0.31.0-11-ge490571c62 (webtiles) character file.

Game seed: 350691811185242960

4703 RepHenryClay the Carver (level 10, -1/46 HPs)
             Began as a Vampire Gladiator on Jan 27, 2024.
             Was a Priest of Okawaru.
             Slain by a komodo dragon (17 damage)
             ... on level 9 of the Dungeon.
             The game lasted 00:19:24 (7334 turns).

RepHenryClay the Carver (Vampire Gladiator)         Turns: 7334, Time: 00:19:25

Health: -1/46      AC: 12    Str: 18 (19) XL:     10   Next: 21%
Magic:  15/15      EV: 16    Int:  8 (10) God:    Okawaru [***...]
Gold:   381        SH:  0    Dex: 19 (21) Spells: 7/9 levels left

rFire   + . .        b - +1 dagger (elec)
rCold   . . .        (no shield)
rNeg    . . .        f - +2 ring mail {rF+}
rPois   .            r - +2 hat
rElec   .            I - +2 cloak {rCorr}
rCorr   +            (no gloves)
SInv    +            (no boots)
Will    +....        (no amulet)
Stlth   +            i - +6 ring of strength
HPRegen 0.47/turn    (no ring)
MPRegen 0.14/turn

%: no passive effects
@: healing quickly
A: alive, fangs 3, see invisible, vampiric 2, [frail 3]
a: Exsanguinate, Renounce Religion, Heroism


You were on level 9 of the Dungeon.
You worshipped Okawaru.
Okawaru was most pleased with you.
You visited 1 branch of the dungeon, and saw 9 of its levels.

You collected 381 gold pieces.

Inventory:

Hand Weapons
 a - a +3 falchion
 b - a +1 dagger of electrocution (weapon)
 t - a +0 long sword
 K - a +0 scimitar of flaming
Missiles
 e - a javelin
 x - 15 poisoned darts (quivered)
Armour
 c - a +0 helmet
 f - a +2 ring mail of fire resistance (worn)
 j - a +4 chain mail
 r - a +2 hat (worn)
 B - an orb of wrath
 I - a +2 cloak of preservation (worn)
 L - +0 steam dragon scales
Jewellery
 g - an amulet of magic regeneration
 i - a +6 ring of strength (left hand)
 y - a ring of fire
 z - a +6 ring of intelligence
Wands
 v - a wand of polymorph (9)
 D - a wand of charming (27)
 M - a wand of mindburst (4)
 N - a wand of roots (3)
Scrolls
 h - 2 scrolls of amnesia {unknown}
 m - 3 scrolls of blinking
 n - 2 scrolls of vulnerability {unknown}
 w - a scroll of enchant weapon {unknown}
 A - 5 scrolls of fear {unknown}
 C - 2 scrolls of teleportation {unknown}
 F - 2 scrolls of enchant armour {unknown}
 G - a scroll of silence {unknown}
 J - a scroll of poison {unknown}
Potions
 k - a potion of brilliance
 l - 6 potions of curing {unknown}
 o - 2 potions of cancellation
 p - a potion of might
 q - 3 potions of resistance
 s - 2 potions of haste {unknown}
 E - a potion of magic {unknown}
 H - 2 potions of ambrosia {unknown}


   Skills:
 - Level 1.7 Fighting
 + Level 11.1 Long Blades
 - Level 1.5 Throwing
 - Level 1.3 Armour
 - Level 8.4 Dodging
 + Level 6.9 Invocations


You had 7 spell levels left.
You knew the following spells:

 Your Spells              Type           Power      Damage    Failure   Level
Q - Blink                 Tloc           0%         N/A       75%         2

Your spell library contained the following spells:

 Spells                   Type           Power      Damage    Failure   Level
 Freeze                   Ice            0%         1d3       61%         1
 Kiss of Death            Conj/Necr      0%         2d5       61%         1
 Magic Dart               Conj           0%         1d3       61%         1
 Sandblast                Erth           0%         2d4       61%         1
 Ensorcelled Hibernation  Hex/Ice        0%         N/A       75%         2
 Lesser Beckoning         Tloc           0%         N/A       75%         2
 Momentum Strike          Conj/Tloc      0%         3d8       75%         2
 Searing Ray              Conj           0%         2d4       75%         2
 Sublimation of Blood     Necr           0%         N/A       75%         2
 Frozen Ramparts          Ice            0%         1d1       93%         3
 Hailstorm                Conj/Ice       0%         3d5       93%         3
 Passwall                 Erth           0%         N/A       93%         3
 Stone Arrow              Conj/Erth      0%         3d7       93%         3
 Swiftness                Air            0%         N/A       93%         3
 Brom's Barrelling Bould  Conj/Erth      0%         2d3       100%        4
 Fulminant Prism          Conj/Alch      0%         3d5       100%        4
 Call Imp                 Summ           Unusable   N/A       N/A         2
 Summon Hydra             Summ           Unusable   N/A       N/A         7

Dungeon Overview and Level Annotations

Branches:
Dungeon (9/15)
 Temple: D:4-7         Lair: D:8-11         Orc: D:9-12

Altars:
Dithmenos
Kikubaaqudgha
Makhleb
Nemelex Xobeh
Okawaru
Ru
Sif Muna
Trog
Uskayaw
Wu Jian

Shops:
D:5 :   D:8 =

Annotations:
D:4 unfinished
D:6 Eustachio
D:8 unfinished
D:9 3 runed translucent doors, Laqueoixx's ghost, novice OpSh


Innate Abilities, Weirdness & Mutations

Your natural rate of healing is accelerated.
You have razor-sharp teeth.
You have supernaturally acute eyesight. (SInv)
You are afflicted with vampirism and can become a bat while bloodless.
[You are extremely frail. (-30% HP)]


Message History

The komodo dragon attacks as it pursues you!
The komodo dragon bites you but does no damage.
Okay, then.
Okay, then.
Okay, then.
Aiming: Mindburst
Press: ? - help, Shift-Dir - straight line, f - komodo dragon
Aim: a komodo dragon (chance to affect: 47%)
The komodo dragon resists with some effort.
Aiming: Fastroot
Press: ? - help, Shift-Dir - straight line, f/p - komodo dragon
Aim: a komodo dragon The roots erupt in riotous growth!
Roots grab the komodo dragon.
The grasping roots constrict the komodo dragon.
The komodo dragon closely misses you.
You hit the komodo dragon but do no damage.
The komodo dragon is lightly wounded.
The grasping roots constrict the komodo dragon.
The komodo dragon barely misses you.
You hit the komodo dragon.
The komodo dragon is lightly wounded.
The grasping roots constrict the komodo dragon, but do no damage.
The roots release their grip on the komodo dragon.
The komodo dragon bites you!
* * * LOW HITPOINT WARNING * * *
Huge Dmg: -28%(-13hp) hp: 33%(15hp) Level annotation: 3 runed translucent doors, Laqueoixx's ghost, novice OpSh Welcome back, RepHenryClay the Vampire Gladiator.
Okawaru says: Bring me glory in combat!
Press ? for a list of commands and other information.
The komodo dragon attacks as it pursues you!
The komodo dragon bites you but does no damage.
Throw: throwing net
Press: ? - help, Shift-Dir - straight line, f - komodo dragon
Aim: a komodo dragon (lightly wounded, 65% to hit)
You throw a throwing net.
The throwing net barely misses the komodo dragon.
The komodo dragon bites you!
You die...

#...# #.# #...# #.#
#...# #.# #...# #.#
###...###########.#
..................#
..........>.......#
#################.#
#@# #l# #.# #.# #
##########.# ...
.......<...# ###
...........#
##########(# #.#


You could see a komodo dragon.

Vanquished Creatures
  A two-headed ogre (D:8)
  Joseph (D:7)
  Maggie (D:7)
  A kobold demonologist (D:8)
  Sigmund (D:3)
  A wyvern (D:8)
  A water moccasin (D:8)
  A black bear (D:7)
  An ice beast (D:6)
  3 orc warriors
  2 ogres
  2 centaurs
  A phantom (D:8)
  2 kobold brigands
  A bullfrog (D:7)
  4 scorpions
  7 wights (D:8)
  Dowan (D:4)
  5 howler monkeys
  2 hounds
  Crazy Yiuf (D:7)
  A bombardier beetle (D:3)
  2 jellies
  A gnoll bouda (D:5)
  5 orc priests
  3 iguanas
  A sleepcap (D:5)
  Terence (D:2)
  5 orc wizards
  8 gnolls
  7 adders
  A shadow imp (D:7)
  4 white imps
  2 ufetubi (D:5)
  2 dart slugs (D:2)
  2 ribbon worms
  23 orcs
  10 endoplasms
  5 giant cockroaches
  5 goblins
  4 hobgoblins
  3 jackals (D:4)
  15 kobolds
  A quokka (D:2)
  6 ball pythons
  3 bats
  5 frilled lizards
  4 rats
169 creatures vanquished.

Notes
Turn   | Place    | Note
-------+----------+-------------------------------------------
     0 | D:1      | RepHenryClay the Vampire Gladiator began the quest for the
                  | Orb.
     0 | D:1      | Reached XP level 1. HP: 16/16 MP: 1/1
   263 | D:1      | Found a faded altar of an unknown god.
   396 | D:1      | Reached XP level 2. HP: 11/22 MP: 2/2
   972 | D:2      | Gained mutation: You are afflicted with vampirism and can
                  | become a bat while bloodless. [Vampire growth]
   972 | D:2      | Reached XP level 3. HP: 27/27 MP: 3/3
  1356 | D:3      | Noticed Terence
  1364 | D:3      | Noticed Sigmund
  1383 | D:2      | Killed Terence
  1384 | D:2      | Reached skill level 4 in Long Blades
  1384 | D:2      | Reached skill level 1 in Armour
  1384 | D:2      | Reached XP level 4. HP: 27/33 MP: 4/4
  1410 | D:3      | Killed Sigmund
  1411 | D:3      | Reached skill level 5 in Long Blades
  1411 | D:3      | Reached skill level 5 in Dodging
  1411 | D:3      | Reached XP level 5. HP: 28/38 MP: 5/5
  1817 | D:3      | Reached XP level 6. HP: 44/44 MP: 6/6
  1854 | D:3      | Found a shimmering blue altar of Sif Muna.
  1871 | D:3      | Got Sif Muna's Volume of Necromancy
  1876 | D:3      | Found a bloodstained altar of Trog.
  2333 | D:4      | Noticed an orc warrior
  2426 | D:4      | Killed an orc warrior
  2516 | D:4      | Reached skill level 6 in Long Blades
  2636 | D:4      | Reached XP level 7. HP: 43/49 MP: 7/7
  2694 | D:4      | Found a hide-covered altar of Uskayaw.
  2739 | D:4      | Noticed Dowan
  2757 | D:4      | Killed Dowan
  2806 | D:5      | Entered Level 5 of the Dungeon
  2807 | D:5      | Found a sacrificial altar of Ru.
  2863 | D:5      | Learned a level 2 spell: Blink
  3086 | D:5      | Reached skill level 7 in Long Blades
  3285 | D:5      | Found a burning altar of Makhleb.
  3288 | D:5      | Found an iron altar of Okawaru.
  3323 | D:5      | Became a worshipper of Warmaster Okawaru
  3450 | D:5      | Found Wutusu's Book Shop.
  3500 | D:6      | Noticed Eustachio
  3576 | D:6      | Reached XP level 8. HP: 43/55 MP: 8/8
  3875 | D:6      | Found a sparkling altar of Nemelex Xobeh.
  3919 | D:6      | Reached * piety under Okawaru
  4087 | D:7      | Reached skill level 8 in Long Blades
  4218 | D:7      | Reached skill level 1 in Invocations
  4285 | D:7      | Noticed Joseph
  4637 | D:7      | Killed Joseph
  4637 | D:7      | Reached ** piety under Okawaru
  4638 | D:7      | Reached skill level 9 in Long Blades
  4638 | D:7      | Reached XP level 9. HP: 22/61 MP: 11/11
  4893 | D:7      | Found a runed translucent door.
  4893 | D:7      | Noticed Crazy Yiuf
  4896 | D:7      | Identified the +4 hammer of Tuczax {drain, Int+3}
  4904 | D:7      | Killed Crazy Yiuf
  4908 | D:7      | Identified the +2 hammer "Zaloir" {drain, ^Drain Will++
                  | Dex+4}
  5018 | D:7      | Found an ornate altar of the Wu Jian Council.
  5279 | D:7      | Noticed Maggie
  5314 | D:7      | Killed Maggie
  5560 | D:8      | Found Okuul's Jewellery Shop.
  5569 | D:8      | Reached skill level 5 in Invocations
  5714 | D:8      | Reached skill level 10 in Long Blades
  5970 | D:8      | Found a shadowy altar of Dithmenos.
  6036 | D:8      | Found an ancient bone altar of Kikubaaqudgha.
  6065 | D:8      | Noticed a two-headed ogre
  6082 | D:8      | Killed a two-headed ogre
  6082 | D:8      | Reached *** piety under Okawaru
  6083 | D:8      | Reached XP level 10. HP: 35/67 MP: 14/14
  6755 | D:9      | Found a runed translucent gate.
  6755 | D:9      | Found a runed translucent gate.
  6756 | D:9      | Found a runed translucent gate.
  6797 | D:9      | Noticed a spectral centaur warrior
  6799 | D:9      | Noticed Laqueoixx's ghost (novice OpSh)
  6871 | D:9      | Noticed a spectral centaur warrior
  6989 | D:9      | Noticed a rust devil
  7114 | D:9      | Noticed a rust devil
  7120 | D:9      | Noticed an orange demon
  7230 | D:8      | Reached skill level 11 in Long Blades
  7334 | D:9      | Slain by a komodo dragon

Illustrated notes

Levels and vault maps discovered:
D:1:      onia_arrival_handbag, layout_basic,
          hellmonk_ecumenical_altar_lost_god, chequers_serial_rivers_micro_e
D:2:      layout_rooms
D:3:      layout_basic, nzn_overflow_gifts_of_might_and_magic, uniq_terence,
          uniq_sigmund
D:4:      layout_cave_pools, mainiacjoe_overflow_small_starburst,
          temple_doors_cd, uniq_duvessa
D:5:      layout_rooms, lemuel_crystal_altar, nicolae_overflow_squiral,
          serial_shops, nicolae_shop_peninsula, minivault_24
D:6:      layout_basic, nemelex_dance_club_becter, uniq_eustachio
D:7:      layout_basic, nicolae_wu_jian_wuxing_cycle, minivault_24,
          chequers_garden, uniq_crazy_yiuf_cottage, uniq_joseph, uniq_maggie
D:8:      statuecave_lemuel, layout_rooms, kiku_gazebo_garden_becter,
          grunt_dithmenos_shadows, serial_shops, nicolae_shop_tiny_glass
D:9:      layout_long_grid, old_standard_altar, david_lair_shrubbed,
          gammafunk_ghost_necromancy

Skill      XL: |  1  2  3  4  5  6  7  8  9 10 |
---------------+-------------------------------+-----
Long Blades    | 4 5 6 7 9 10 11 | 11.1
Armour         | 1 |  1.3
Dodging        | 5 6 7 8 |  8.4
Invocations    | 3 6 |  6.9
Fighting       | |  1.7
Throwing       | |  1.5

Action                     |  1- 3 |  4- 6 |  7- 9 | 10-12 || total
---------------------------+-------+-------+-------+-------++-------
  Melee: Long sword        |    96 |    44 |       |       ||   140
         Bite              |     8 |    10 |    59 |     9 ||    86
         Falchion          |       |    59 |   263 |       ||   322
         Unarmed           |       |       |     4 |     3 ||     7
         Punch             |       |       |     4 |       ||     4
         Dagger            |       |       |   130 |    58 ||   188
  Throw: Throwing net      |       |     2 |       |     1 ||     3
         Dart              |       |     5 |    28 |       ||    33
 Invoke: Heroism           |       |       |     2 |       ||     2
Ability: Exsanguinate      |       |       |       |     3 ||     3
         Revivify          |       |       |       |     3 ||     3
         Bat Form          |       |       |       |     1 ||     1
  Evoke: Wand              |       |     1 |     6 |     3 ||    10
    Use: Scroll            |       |       |     5 |     1 ||     6
         Potion            |       |       |     1 |       ||     1
   Stab: Held in net/web   |       |     1 |       |       ||     1
         Invisible         |       |       |     4 |       ||     4
         Sleeping          |       |       |       |     1 ||     1
 Armour: Ring mail         |     5 |    56 |   156 |    37 ||   254
         Chain mail        |    61 |       |       |       ||    61
         Leather armour    |     2 |       |       |       ||     2
         Skin              |       |       |       |     3 ||     3
  Dodge: Dodged            |    49 |    75 |   274 |    47 ||   445
